AoeStats
← rondelok

Arabia

505996943Analyzed
2v2 RM · 21d ago on Sep 12, 2026· 42m 12s· 4 players
Game mode
Random Map
Map size
Medium (4 player)
Population
200
Speed
Normal
Resources
Standard
Victory
Conquest
Starting age
Dark Age
Ending age
Imperial Age
RankedLock teamsTeams togetherTeam positionsShared explorationLock speedFull tech treeHidden civsTurbo modeCheats
Victory
Defeat
🇪🇪 Franks · Estonia
862
+13
🇪🇪 Georgians · Estonia
685
+19
🇦🇷 Saracens · Argentina
779
-16
🇦🇷 Turks · Argentina
778
-16
rondelok
11:56 Feudal Age
17:54 Scale Barding Armor
19:14 Forging
21:32 Double-Bit Axe
25:30 Castle Age
29:20 Bow Saw
30:18 Husbandry
31:02 Chain Barding Armor
31:17 Iron Casting
33:24 Padded Archer Armor
kaspko
11:07 Loom
13:10 Feudal Age
18:36 Double-Bit Axe
18:49 Gold Mining
19:59 Bloodlines
27:06 Forging
30:42 Castle Age
30:04 Stone Mining
31:17 Scale Barding Armor
31:53 Husbandry
31:25 Pikeman
32:06 Squires
37:45 Scale Mail Armor
43:16 Iron Casting
43:02 Chain Barding Armor
ibraggio
7:52 Loom
10:25 Feudal Age
10:54 Double-Bit Axe
22:51 Castle Age
20:45 Horse Collar
21:56 Forging
24:50 Husbandry
28:02 Scale Barding Armor
28:07 Town Watch
32:34 Iron Casting
33:38 Bow Saw
35:12 Wheelbarrow
34:41 Town Patrol
39:38 Imperial Age
37:50 Bloodlines
41:36 Heavy Scorpion
zzz
4:35 Loom
10:33 Feudal Age
24:41 Fletching
24:52 Padded Archer Armor
30:36 Double-Bit Axe
30:40 Horse Collar
34:15 Castle Age
32:00 Town Watch
34:17 Scale Mail Armor
34:55 Forging
35:28 Pikeman
36:08 Squires
36:34 Elite Skirmisher
38:54 Iron Casting
38:18 Crossbowman
Connection lost

Rejoining the realm…

Still unreachable

The connection could not be restored.

Session expired

The server has moved on; the page needs a fresh start.